 Dungeon Crawl Stone Soup version 0.16.2-12-gd0ad4c3 (webtiles) character file.

120 faibistes the Cudgeler (level 5, -1/53 HPs)
             Began as an Ogre Warper on Dec 7, 2017.
             Succumbed to DEFE's ghost's poison
             ... in an ossuary.
             The game lasted 00:10:32 (3855 turns).

faibistes the Cudgeler (Ogre Warper)                Turns: 3855, Time: 00:10:32

Health: -1/53      AC:  3    Str: 21    XL:     5   Next: 4%
Magic:  11/11      EV: 10    Int: 13    God:
Gold:   77         SH:  0    Dex:  9    Spells: 4 memorised, 2 levels left

rFire  . . .     SeeInvis .     a - +0 mace (curse)
rCold  . . .     Clarity  .     b - +0 robe (curse)
rNeg   . . .     SustAb   .     (shield restricted)
rPois  .         Gourm    .     (helmet restricted)
rElec  .         Spirit   .     (no cloak)
rCorr  .         Warding  .     (gloves unavailable)
rMut   .         Stasis   .     (boots unavailable)
MR     .....                    (no amulet)
Stlth  +.........               (no ring)
                                (no ring)

@: mighty, lethally poisoned (-1 -> -23), not resistant to hostile enchantments,
very unstealthy
A: unfitting armour, tough skin 1
a: no special abilities


You were in an ossuary.
You were not hungry.

You visited 1 branch of the dungeon, and saw 4 of its levels.
You also visited: Ossuary.

You collected 77 gold pieces.

Inventory:

Hand weapons
 a - a cursed +0 mace (weapon)
Missiles
 e - 2 tomahawks of dispersal
 h - 73 stones (quivered)
Armour
 b - a cursed +0 robe (worn)
Jewellery
 g - an uncursed ring of teleport control
Scrolls
 d - a scroll of blinking
 i - a scroll of remove curse {unknown}
 l - a scroll of teleportation {unknown}
Potions
 k - a potion of might
Books
 c - a book of Spatial Translocations

   Spells                             Type                      Level
   a - Apportation                    Translocation                1
   b - Blink                          Translocation                2
   c - Shroud of Golubria             Charms/Translocation         2
   d - Portal Projectile              Translocation                3
   e - Teleport Other                 Translocation                3
   f - Passage of Golubria            Translocation                4


   Skills:
 + Level 3.4 Fighting
 * Level 3.6 Maces & Flails
 * Level 2.5 Throwing
 + Level 1.1 Armour
 - Level 1.7 Dodging
 * Level 3.2 Spellcasting
 * Level 2.7 Translocations


You had 2 spell levels left.
You knew the following spells:

 Your Spells              Type           Power        Failure   Level  Hunger
a - Apportation           Tloc           #.........   10%         1    #......
b - Teleport Other        Tloc           #.......     21%         3    ###....
c - Shroud of Golubria    Chrm/Tloc      #.........   21%         2    ##.....
d - Blink                 Tloc           N/A          12%         2    ##.....


Dungeon Overview and Level Annotations

Branches:
Dungeon (4/15)
 Temple: D:4-7

Altars:

Annotations:
D:3 faibistes' ghost, average OgWr Ossuary DEFE's ghost, average DEWr


Innate Abilities, Weirdness & Mutations

You are too large for most types of armour.
You have tough skin (AC +1).


Message History

DEFE's ghost is lightly damaged.
* * * LOW HITPOINT WARNING * * *
You feel very sick. DEFE's ghost hits you.
* * * LOW HITPOINT WARNING * * *
DEFE's ghost mumbles some strange words.
DEFE's ghost blinks!
An arrow hits DEFE's ghost, but does no damage!
Drink which item? (? for menu, Esc to quit)
It was a potion of might.
You feel very mighty all of a sudden.
* * * LOW HITPOINT WARNING * * *
You feel sick.
Drink which item? (? for menu, Esc to quit)
It was a potion of cure mutation.
It has a very clean taste.
* * * LOW HITPOINT WARNING * * *
You feel sick.
You closely miss DEFE's ghost.
DEFE's ghost is lightly damaged.
You die...

##..##..##..##..##
##..##..####..##..##
##..##..######..##..##
#..##..##....##..##..##
..##..##..##..##..##..##
.##..##.. ##..##..##..##
##..##ยง. ##..##..##..## #..##..
##..##..##..## ..## .
##@W##..##..## .## ##..##..##.^##
## ##.^##..##^.## #
##..##..##..## ##..##..##..##
##..##..##..##
######################..##..##..#
...............^...^..^..##..##..
############################..##.


You could see DEFE's ghost.

Vanquished Creatures
  2 mummies
  2 adders (D:2)
  2 worms (D:2)
  A ball python (D:2)
  2 giant cockroaches
  3 hobgoblins (D:2)
  2 jackals (D:2)
  14 kobolds
  A quokka (D:2)
  9 bats
  A giant gecko (D:2)
  4 giant newts
  2 gnoll skeletons (Ossuary)
  5 gnoll zombies (Ossuary)
  7 goblins
  2 goblin skeletons (Ossuary)
  A goblin zombie (Ossuary)
  4 hobgoblin skeletons (Ossuary)
  2 kobold zombies (Ossuary)
  An orc zombie (Ossuary)
  6 rats
  A rat zombie (Ossuary)
74 creatures vanquished.

Vanquished Creatures (others)
  A mummy (Ossuary)
  2 gnoll skeletons (Ossuary)
  A goblin skeleton (Ossuary)
  2 goblin zombies (Ossuary)
  7 hobgoblin skeletons (Ossuary)
  5 hobgoblin zombies (Ossuary)
  4 kobold skeletons (Ossuary)
  5 kobold zombies (Ossuary)
  An orc skeleton (Ossuary)
  An orc zombie (Ossuary)
  2 rat skeletons (Ossuary)
  2 rat zombies (Ossuary)
33 creatures vanquished.

Grand Total: 107 creatures vanquished

Notes
Turn   | Place    | Note
--------------------------------------------------------------
     0 | D:1      | faibistes, the Ogre Warper, began the quest for the Orb.
     0 | D:1      | Reached XP level 1. HP: 22/22 MP: 3/3
   301 | D:1      | Reached XP level 2. HP: 27/29 MP: 5/5
   314 | D:1      | Learned a level 2 spell: Shroud of Golubria
   406 | D:1      | Learned a level 2 spell: Blink
   983 | D:2      | Reached skill level 3 in Maces & Flails
  1040 | D:2      | Reached XP level 3. HP: 32/37 MP: 6/6
  1087 | D:3      | Noticed faibistes' ghost (average OgWr)
  1375 | D:2      | Reached skill level 1 in Armour
  1375 | D:2      | Reached XP level 4. HP: 40/45 MP: 8/8
  1509 | D:2      | Learned a level 3 spell: Teleport Other
  2459 | D:3      | HP: 2/45 [faibistes' ghost (8)]
  2784 | D:4      | Found a sand-covered staircase.
  2941 | Ossuary  | Entered an ossuary
  3660 | Ossuary  | Reached XP level 5. HP: 29/53 MP: 11/11
  3818 | Ossuary  | Noticed DEFE's ghost (average DEWr)
  3854 | Ossuary  | HP: 2/53 [poisoned by DEFE's ghost]
  3855 | Ossuary  | Succumbed to DEFE's ghost's poison

Action                   |  1- 3 |  4- 6 || total
-------------------------+-------+-------++-------
Melee: Mace              |   103 |   177 ||   280
Throw: Tomahawk          |       |     8 ||     8
       Stone             |       |     7 ||     7
 Cast: Shroud of Golubri |     2 |     8 ||    10
  Use: Potion            |       |     2 ||     2
  Eat: Chunk             |     2 |     3 ||     5
       Meat ration       |       |     1 ||     1
